 Dungeon Crawl Stone Soup version 0.20.1-1-g8b1a95d (webtiles) character file.

2426 nightchill the Spear-Bearer (level 9, -1/60 (61) HPs)
             Began as a Merfolk Ice Elementalist on Dec 24, 2017.
             Was a Follower of Yredelemnul.
             Slain by MJtheKandyman's ghost (4 damage)
             ... on level 7 of the Dungeon.
             The game lasted 00:45:50 (8875 turns).

nightchill the Spear-Bearer (MfIE)                  Turns: 8875, Time: 00:45:51

HP:   -1/60 (61)    AC:  9    Str:  8    XL:     9   Next: 48%
MP:   8/12          EV: 18    Int: 17    God:    Yredelemnul [*.....]
Gold: 389           SH:  0    Dex: 15    Spells: 4/12 levels left

rFire    . . .     SeeInvis .   y - +4 spear
rCold    . . .     Gourm    .   (no shield)
rNeg     . . .     Faith    .   j - +1 robe
rPois    .         Spirit   .   (no helmet)
rElec    .         Reflect  .   (no cloak)
rCorr    .         Harm     .   (no gloves)
MR       .....                  (no boots)
Stlth    ++........             (no amulet)
Regen    0.2/turn               z - +4 ring of evasion
MPRegen  0.2/turn               (no ring)

@: icy armour, slow
A: change form in water, swift swim, stealthy swim
a: Animate Remains, Renounce Religion


You were on level 7 of the Dungeon.
You worshipped Yredelemnul.
Yredelemnul was aware of your devotion.
You were very hungry.

You visited 2 branches of the dungeon, and saw 8 of its levels.
You also visited: Sewer.

You collected 389 gold pieces.

Inventory:

Hand Weapons
 a - a +2 dagger of speed
 b - a cursed -2 hunting sling
 y - a +4 spear (weapon)
 F - a +0 blowgun
Missiles
 l - 175 stones (quivered)
Armour
 j - a +1 robe (worn)
 q - a +0 large shield
 v - a +0 plate armour
 x - a +0 leather armour
Jewellery
 p - an uncursed amulet of regeneration
 z - a +4 ring of evasion (left hand)
Wands
 s - a wand of digging (15/24)
 u - a wand of lightning (9/15)
 B - a wand of digging (8/24)
Scrolls
 f - a scroll of blinking {unknown}
 h - a scroll of enchant armour
 k - a scroll of magic mapping {unknown}
 o - 3 scrolls of identify
 r - a scroll of recharging {unknown}
 t - a scroll of torment {unknown}
 D - 3 scrolls of remove curse
Potions
 d - a potion of lignification {unknown}
 e - a potion of heal wounds
 n - 3 potions of brilliance
 A - 2 potions of haste {unknown}
 G - a potion of curing
Books
 w - a book of Frost

   Spells                             Type                      Level
   a - Freeze                         Ice                          1
   b - Throw Frost                    Conjuration/Ice              2
   c - Ozocubu's Armour               Charms/Ice                   3
   d - Throw Icicle                   Conjuration/Ice              4
   e - Summon Ice Beast               Ice/Summoning                4
Comestibles
 c - 4 bread rations
 g - 4 royal jellies
 i - 2 meat rations
 m - 2 fruits


   Skills:
 + Level 1.9 Fighting
 + Level 10.8 Polearms
 + Level 3.7 Dodging
 - Level 2.1 Stealth
 - Level 2.0 Spellcasting
 - Level 5.0 Conjurations
 + Level 8.4 Ice Magic


You had 4 spell levels left.
You knew the following spells:

 Your Spells              Type           Power        Failure   Level  Hunger
a - Freeze                Ice            ####         1%          1    #......
b - Ozocubu's Armour      Chrm/Ice       ###.....     11%         3    ###....
c - Throw Icicle          Conj/Ice       ###.....     12%         4    #####..


Dungeon Overview and Level Annotations

Branches:
Dungeon (7/15)             Temple (1/1) D:4

Altars:
Cheibriados
Dithmenos
Gozag
Kikubaaqudgha
Makhleb
Nemelex Xobeh
Qazlal
Ru
Sif Muna
Trog
Uskayaw
Xom
Yredelemnul
The Shining One

Annotations:
D:2 exclusion: downstairs
D:3 exclusion: 2 downstairs, DrHerr's ghost, amateur MiGl
D:4 xight's ghost, amateur MiFi
D:5 exclusion: downstairs, Prince Ribbit
D:6 exclusion: upstairs
D:7 MJtheKandyman's ghost, novice HOFi


Message History

MJtheKandyman's ghost is lightly damaged.
MJtheKandyman's ghost hits you!!
You are too injured to fight recklessly!
You are too injured to fight recklessly!
You are too injured to fight recklessly!
Casting: Freeze
Confirm with . or Enter, or press ? or * to list all spells.
A film of ice covers your body! MJtheKandyman's ghost hits you!!
* * * LOW HITPOINT WARNING * * *
Something shouts, "Embrace thy doom, thou unhinged hasty-witted canker-blossom!"
Casting: Ozocubu's Armour
Confirm with . or Enter, or press ? or * to list all spells.
Aiming: Freeze
Press: ? - help, Shift-Dir - straight line, f/p - MJtheKandyman's ghost
Aim: MJtheKandyman's ghost (lightly damaged)
You freeze MJtheKandyman's ghost.
MJtheKandyman's ghost is moderately damaged.
MJtheKandyman's ghost hits you.
You die...
Your body rises from the dead as a mindless zombie.

####....#.# #.#
######.# #.# #. #.#
#. #.# #.# .......
#.# . # ........#
#.# .. . ..5....h#
#.# ... . ........#
#@# .... ........#
#W# P...Z
........###Z###
$P.5P
......n.......#...
5...Z
......Z.........8P.
..8.5
.....W........##.8P
....Z
##.#..........# ..
..... #..........#
..... #####
#..........# ...8.


You could see MJtheKandyman's ghost and an adder zombie.

Vanquished Creatures
  Grinder (D:5)
  Eustachio (D:4)
  A water moccasin (D:7)
  An orc warrior (D:6)
  A sky beast (D:5)
  A necrophage (D:7)
  2 ogres (D:5)
  A phantom (D:5)
  2 centaurs (D:5)
  6 bullfrogs
  2 scorpions (D:6)
  4 crimson imps (D:5)
  2 jellies
  A bullfrog zombie (D:6)
  2 hounds
  A bullfrog skeleton (D:7)
  An iguana (D:7)
  2 orc wizards
  Natasha (thrice) (D:2)
  4 worker ants
  A worker ant zombie (D:5)
  9 adders
  An adder zombie (D:5)
  An adder skeleton (D:4)
  4 worms
  3 dart slugs
  10 leopard geckos
  9 orcs
  11 giant cockroaches
  11 goblins
  13 hobgoblins
  4 jackals (D:4)
  7 kobolds
  4 quokkas
  4 ball pythons
  10 bats
  12 frilled lizards
  A jackal skeleton (D:4)
  A leopard gecko zombie (D:5)
  A quokka zombie (D:6)
  10 rats
166 creatures vanquished.

Vanquished Creatures (others)
  A giant cockroach zombie (D:7)
  An orc zombie (D:7)
  A withered plant (D:7)
3 creatures vanquished.

Grand Total: 169 creatures vanquished

Notes
Turn   | Place    | Note
-------+----------+-------------------------------------------
     0 | D:1      | nightchill the Merfolk Ice Elementalist began the quest for the Orb.
     0 | D:1      | Reached XP level 1. HP: 13/13 MP: 3/3
   312 | D:1      | Reached XP level 2. HP: 15/19 MP: 0/5
  1009 | D:1      | Reached XP level 3. HP: 24/24 MP: 6/6
  1181 | D:2      | Noticed Natasha
  1188 | D:2      | Killed Natasha
  1188 | D:2      | Reached skill level 5 in Ice Magic
  1457 | D:2      | Reached XP level 4. HP: 22/30 MP: 4/7
  1728 | D:2      | Found a bloodstained altar of Trog.
  1762 | D:2      | Found a snail-covered altar of Cheibriados.
  1870 | D:2      | Found a shadowy altar of Dithmenos.
  2289 | D:2      | Noticed Natasha
  2299 | D:2      | Killed Natasha
  2299 | D:2      | Reached XP level 5. HP: 26/35 MP: 2/8
  2310 | D:2      | Noticed Natasha
  2384 | D:2      | Killed Natasha
  2434 | D:2      | You fall through a shaft!
  2831 | D:3      | Found a glowing drain.
  2883 | Sewer    | Entered a sewer
  3097 | Sewer    | Reached XP level 6. HP: 41/41 MP: 7/9
  3497 | D:3      | Learned a level 3 spell: Ozocubu's Armour
  3599 | D:3      | Noticed DrHerr's ghost (amateur MiGl)
  4093 | D:3      | Reached XP level 7. HP: 47/47 MP: 10/10
  4228 | D:3      | Found an opulent altar of Gozag.
  4230 | D:3      | Found a shimmering altar of Xom.
  4230 | D:3      | Found a shattered altar of Ashenzari.
  4232 | D:3      | Found a sparkling altar of Nemelex Xobeh.
  4232 | D:3      | Found a sparkling altar of Nemelex Xobeh.
  4232 | D:3      | Found a stormy altar of Qazlal.
  4429 | D:4      | Reached skill level 1 in Polearms
  4796 | D:4      | Found a staircase to the Ecumenical Temple.
  4812 | Temple   | Entered the Ecumenical Temple
  4828 | Temple   | Became a worshipper of Yredelemnul the Dark
  5011 | D:4      | Noticed Eustachio
  5021 | D:4      | Noticed xight's ghost (amateur MiFi)
  5021 | D:4      | Killed Eustachio
  5021 | D:4      | Reached skill level 4 in Polearms
  5170 | D:3      | Learned a level 4 spell: Throw Icicle
  5196 | D:4      | Reached skill level 5 in Polearms
  5447 | D:5      | Entered Level 5 of the Dungeon
  5529 | D:5      | Found a sand-covered staircase.
  5670 | D:5      | Found an opulent altar of Gozag.
  5722 | D:5      | Reached skill level 6 in Polearms
  5883 | D:5      | Reached skill level 1 in Conjurations
  5883 | D:5      | Reached XP level 8. HP: 24/53 MP: 3/11
  6027 | D:5      | Reached skill level 7 in Polearms
  6570 | D:6      | Reached skill level 8 in Polearms
  6893 | D:6      | Noticed a hand axe
  6894 | D:6      | Noticed a dagger
  6902 | D:6      | Found a hide-covered altar of Uskayaw.
  6970 | D:6      | Reached skill level 9 in Polearms
  7430 | D:4      | Reached XP level 9. HP: 29/58 MP: 1/12
  7585 | D:5      | Reached * piety under Yredelemnul
  7603 | D:5      | Reached skill level 10 in Polearms
  7672 | D:5      | Noticed Prince Ribbit
  7810 | D:5      | Noticed Grinder
  7864 | D:5      | Killed Grinder
  7976 | D:5      | Reached skill level 5 in Conjurations
  8177 | D:5      | Reached skill level 1 in Fighting
  8590 | D:7      | Noticed a hellwing
  8591 | D:7      | Noticed a hellwing
  8845 | D:7      | Noticed MJtheKandyman's ghost (novice HOFi)
  8874 | D:7      | HP: 3/60 [MJtheKandyman's ghost (25)]
  8875 | D:7      | Slain by MJtheKandyman's ghost

Skill      XL: |  1  2  3  4  5  6  7  8  9 |
---------------+----------------------------+-----
Ice Magic      | 4 5 6 7 8 |  8.4
Dodging        | 3 |  3.7
Polearms       | 6 9 10 | 10.8
Conjurations   | 1 4 5 |  5.0
Fighting       | 1 |  1.9
Stealth        | |  2.1
Spellcasting   | |  2.0

Action                   |  1- 3 |  4- 6 |  7- 9 || total
-------------------------+-------+-------+-------++-------
Melee: Short sword       |    33 |       |       ||    33
       Dagger            |    18 |    33 |    35 ||    86
       Tailslap          |       |     1 |       ||     1
       Spear             |       |       |   281 ||   281
Throw: Stone             |       |    14 |    21 ||    35
 Cast: Freeze            |    21 |    89 |   145 ||   255
       Ozocubu's Armour  |       |     1 |     7 ||     8
       Throw Icicle      |       |       |     5 ||     5
Invok: Animate Remains   |       |       |     2 ||     2
  Use: Scroll            |       |       |    12 ||    12
       Potion            |       |       |     5 ||     5
 Stab: Sleeping          |     2 |     7 |     5 ||    14
       Distracted        |       |     1 |     1 ||     2
  Eat: Chunk             |     1 |    11 |    16 ||    28
       Fruit             |       |       |     4 ||     4
Armor: Robe              |    11 |    11 |    44 ||    66
       Leather armour    |       |       |     1 ||     1
Dodge: Dodged            |    42 |    72 |   257 ||   371
